 Dungeon Crawl Stone Soup version 0.17-a0-2127-g1cb09f6 (webtiles) character file.

355 Maka the Basher (level 6, 0/93 HPs)
             Began as an Ogre Berserker on Oct 22, 2015.
             Was a Believer of Trog.
             Succumbed to a killer bee's poison
             ... on level 4 of the Dungeon.
             The game lasted 00:05:54 (3525 turns).

Maka the Basher (Ogre Berserker)                    Turns: 3525, Time: 00:05:54

Health: 0/93       AC:  3    Str: 28    XL:     6   Next: 63%
Magic:  6/6        EV: 11    Int:  6    God:    Trog [**....]
Gold:   168        SH:  0    Dex: 11    Spells: 0 memorised, 5 levels left

rFire  . . .     SeeInvis +     a - +0 flail
rCold  . . .     Clarity  .     b - +0 animal skin
rNeg   . . .     SustAt   .     (no shield)
rPois  .         Gourm    .     (helmet restricted)
rElec  .         Spirit   .     (no cloak)
rCorr  .         Warding  .     (gloves unavailable)
rMut   .         Stasis   .     (boots unavailable)
MR     ++...                    (no amulet)
Stlth  ..........               (no ring)
                                m - ring of see invisible

@: berserking (expiring), lethally poisoned (0 -> -9), regenerating, very quick,
very resistant to hostile enchantments, extremely unstealthy
A: unfitting armour, tough skin 1
a: Berserk, Trog's Hand, Burn Spellbooks, Renounce Religion


You were on level 4 of the Dungeon.
You worshipped Trog.
Trog was pleased with you.
You were hungry.

You visited 1 branch of the dungeon, and saw 4 of its levels.

You collected 168 gold pieces.

Inventory:

Hand Weapons
 a - a +0 flail (weapon)
 e - a +0 dagger of electrocution
Armour
 b - a +0 animal skin (worn)
Jewellery
 m - a ring of see invisible (left hand)
Wands
 s - a wand of random effects (15)
 t - a wand of magic darts (23)
Scrolls
 h - a scroll of blinking {unknown}
 i - 5 scrolls of identify {unknown}
 j - a scroll of teleportation {unknown}
 k - a scroll of immolation {unknown}
 l - a scroll of amnesia {unknown}
 p - 2 scrolls of fear {unknown}
 r - 2 scrolls of remove curse {unknown}
 y - a scroll of magic mapping {unknown}
Potions
 d - a potion of haste
 n - a potion of brilliance {unknown}
 o - a potion of lignification {unknown}
 q - 2 potions of ambrosia {unknown}
 u - a potion of poison {unknown}
 v - a potion of cancellation {unknown}
 w - a potion of curing {unknown}
 x - a potion of heal wounds {unknown}
Books
 f - a book of Ice

   Spells                             Type                      Level
   a - Ice Form                       Ice/Transmutation            4
   b - Metabolic Englaciation         Hexes/Ice                    5
   c - Ozocubu's Refrigeration        Ice                          6
   d - Bolt of Cold                   Conjuration/Ice              6
   e - Freezing Cloud                 Conjuration/Ice/Air          6
   f - Simulacrum                     Ice/Necromancy               6
   Trog disapproves of the use of such an item.
Comestibles
 c - 4 bread rations
 g - a meat ration


   Skills:
 - Level 4.0 Fighting
 - Level 8.0 Maces & Flails
 + Level 4.4 Dodging


You had 5 spell levels left.
You didn't know any spells.

Dungeon Overview and Level Annotations

Branches:
Dungeon (4/15)
 Temple: D:4-7

Altars:
Makhleb
Vehumet


Innate Abilities, Weirdness & Mutations

You are too large for most types of armour.
You have tough skin (AC +1).


Message History

You hit the killer bee.
The killer bee is almost dead.
You feel sick. The killer bee stings you.
* * * LOW HITPOINT WARNING * * *
You are more poisoned.
The killer bee poisons you!
You closely miss the killer bee.
The killer bee is almost dead.
You feel very sick. The killer bee stings you!
* * * LOW HITPOINT WARNING * * *
The killer bee barely misses you.
You closely miss the killer bee.
The killer bee is almost dead.
* * * LOW HITPOINT WARNING * * *
You feel sick. The killer bee stings you!
* * * LOW HITPOINT WARNING * * *
You closely miss the killer bee.
The killer bee is almost dead.
You die...

..............#
##............#
#####.....###.# #
#.....# #.# # #.....#
#.# # #.....###.## #
#.....##...## ### ##
##.#.##.###.###..... .##
#.......# #.@yyy....
..###.......###.###l....
......##<##....## ...
..###....##.#### . .##
#........... ##
#.###.#.#### .. #.#
#...# ##. #.###...#
#....##.#


You could see 3 killer bees and a giant gecko.

Vanquished Creatures
  A giant frog (D:3)
  Blork the orc (D:4)
  A killer bee (D:4)
  A hound (D:4)
  A worker ant (D:4)
  Robin (D:2)
  A gnoll (D:4)
  4 adders
  2 worms
  An orc (D:3)
  2 ball pythons
  11 goblins
  7 hobgoblins
  A quokka (D:4)
  5 bats
  2 giant cockroaches
  2 giant geckos
  4 giant newts
  4 jackals (D:1)
  6 kobolds
  5 rats
63 creatures vanquished.

Notes
Turn   | Place    | Note
--------------------------------------------------------------
     0 | D:1      | Maka the Ogre Berserker began the quest for the Orb.
     0 | D:1      | Reached XP level 1. HP: 24/24 MP: 1/1
   333 | D:1      | Reached XP level 2. HP: 32/32 MP: 2/2
   635 | D:1      | Reached skill level 5 in Maces & Flails
  1122 | D:2      | Reached XP level 3. HP: 31/39 MP: 3/3
  1314 | D:2      | Reached ** piety under Trog
  1318 | D:2      | Reached skill level 6 in Maces & Flails
  1429 | D:2      | Noticed Robin
  1457 | D:2      | Killed Robin
  1457 | D:2      | Reached XP level 4. HP: 30/48 MP: 4/4
  1523 | D:2      | Found a burning altar of Makhleb.
  1634 | D:3      | Noticed a giant frog
  1649 | D:3      | Killed a giant frog
  1649 | D:3      | Reached skill level 7 in Maces & Flails
  1649 | D:3      | Reached XP level 5. HP: 16/54 MP: 5/5
  1986 | D:3      | Found a radiant altar of Vehumet.
  2570 | D:3      | Reached skill level 8 in Maces & Flails
  2676 | D:4      | Reached XP level 6. HP: 27/62 MP: 6/6
  2991 | D:4      | Noticed Blork the orc
  3001 | D:4      | Killed Blork the orc
  3524 | D:4      | HP: 1/93 [killer bee (7)]
  3525 | D:4      | Succumbed to a killer bee's poison

Vault maps used:
D:1:      dpeg_arrival_snail
D:2:      lightli_temple_of_fire, minmay_misc_feat_nine_boxes, uniq_robin
D:3:      vehumet_altar_wand_db, tgw_xom, first_bread
D:4:      okawaru_ov_weapons_minmay, uniq_blork_the_orc

Action                   |  1- 3 |  4- 6 || total
-------------------------+-------+-------++-------
Melee: Mace              |   102 |    23 ||   125
       Flail             |       |    99 ||    99
Invok: Trog's Hand       |     1 |     1 ||     2
       Berserk           |       |     3 ||     3
 Stab: Sleeping          |       |     2 ||     2
  Eat: Chunk             |     1 |     2 ||     3
       Beef jerky        |       |     2 ||     2
       Fruit             |       |     5 ||     5
